 Dungeon Crawl Stone Soup version 0.32-a0-128-g77eb882913 (webtiles) character file.

Game seed: 224797363845249440

267 Rennog the Ruffian (level 6, 0/42 HPs)
             Began as an Octopode Shapeshifter on Feb 7, 2024.
             Succumbed to an adder's poison
             ... on level 3 of the Dungeon.
             The game lasted 00:05:35 (2866 turns).

Rennog the Ruffian (Octopode Shapeshifter)          Turns: 2866, Time: 00:05:35

Health: 0/42       AC:  1    Str: 14 (15) XL:     6   Next: 21%
Magic:  6/6        EV: 13    Int: 10 (12) God:
Gold:   219        SH:  0    Dex: 10 (12) Spells: 5/5 levels left

rFire   + . .        h - +0 short sword
rCold   . . .        (no shield)
rNeg    . . .        (helmet currently unavailable)
rPois   .            (no amulet)
rElec   .            m - ring of protection from fire
rCorr   .            (no ring)
SInv    .            (no ring)
Will    .....        (no ring)
Stlth   ++           (no ring)
HPRegen 0.27/turn    (no ring)
MPRegen 0.10/turn    (no ring)
                     (no ring)

%: no passive effects
@: mighty, lethally poisoned (0 -> -2), beast-form
A: beast (slay +2), almost no armour, amphibious, 8 rings, camouflage 1,
gelatinous body 1, (nimble swimmer 1), tentacles
a: Begin Untransformation


You were on level 3 of the Dungeon.
You were a hulking beast.
You visited 1 branch of the dungeon, and saw 4 of its levels.

You collected 219 gold pieces.

Inventory:

Hand Weapons
 h - a +0 short sword (weapon)
 i - a +0 falchion of distortion
Jewellery
 g - an amulet of faith
 m - a ring of protection from fire (left tentacle)
 q - an amulet of the acrobat
Talismans
 b - a beast talisman
 c - a flux talisman
Scrolls
 j - a scroll of vulnerability {unknown}
 l - a scroll of fear {unknown}
 n - a scroll of revelation
 o - a scroll of immolation
 p - a scroll of blinking {unknown}
 r - a scroll of enchant armour {unknown}


   Skills:
 + Level 3.0 Fighting
 - Level 2.0 Dodging
 * Level 5.2 Unarmed Combat
 + Level 4.0 Shapeshifting


You had 5 spell levels left.
You didn't know any spells.
Your spell library was empty.

Dungeon Overview and Level Annotations

Branches:
Dungeon (4/15)
 Temple: D:4-7

Altars:
Cheibriados
Elyvilon
Hepliaklqana
Yredelemnul

Annotations:
D:3 Sigmund
D:4 3 runed translucent doors, IdlyInterested's ghost, amateur DsFi


Innate Abilities, Weirdness & Mutations

You are a hulking beast.
Your limbs bulge with bestial killing power. (Slay +2)
You cannot wear most types of armour.
You are amphibious.
You can wear up to eight rings at the same time.
Your skin changes colour to match your surroundings (Stealth+).
Your rubbery body absorbs attacks. (AC +1, EV +1)
((You are camouflaged when in or above water. (Stealth+)))
You have tentacles for arms and can constrict up to eight enemies at once.


Message History

You completely miss the gnoll. You grab the gnoll. You constrict the gnoll.
You feel very sick. The adder barely misses you. The gnoll barely misses you.
You hit the gnoll. You squeeze the gnoll!
You kill the gnoll!
You feel sick. The adder bites you.
* * * LOW HITPOINT WARNING * * *
You are lethally poisoned!
The adder poisons you!
It was a potion of might.
You feel very mighty all of a sudden.
* * * LOW HITPOINT WARNING * * *
You feel very sick. The adder closely misses you.
You barely miss the adder. You grab the adder. You squeeze the adder.
The adder is heavily wounded.
You constrict the adder.
* * * LOW HITPOINT WARNING * * *
You feel sick. The adder barely misses you.
The adder bites you but does no damage.
You puncture the adder!
You kill the adder!
* * * LOW HITPOINT WARNING * * *
You feel sick.
As you read the scroll labelled WAONWI KISCHEUF, it crumbles to dust.
It is a scroll of identify.
n - a scroll of revelation
* * * LOW HITPOINT WARNING * * *
You feel sick.
As you read the scroll of identify, it crumbles to dust.
o - a scroll of immolation
* * * LOW HITPOINT WARNING * * *
You feel sick.
There is a lethal amount of poison in your body!
Okay, then.
* * * LOW HITPOINT WARNING * * *
You feel sick.
* * * LOW HITPOINT WARNING * * *
You feel sick.
You die...

#.###########.#)#
#.............#.#
#.........##..#.#
##.....)..#.....#
#.....)......####
#####..#........#
##.#.#.####.#
#...#......#
##)h#####..#
#####.....#
#.##.## #.##.#
#....# ######


There were no monsters in sight!

Vanquished Creatures
  A scorpion (D:4)
  Jessica (D:3)
  Terence (D:3)
  2 gnolls
  5 adders
  2 dart slugs
  4 ribbon worms
  5 orcs
  11 ball pythons
  4 endoplasms
  3 giant cockroaches
  7 goblins
  4 hobgoblins
  2 jackals (D:2)
  7 kobolds
  2 quokkas
  4 bats
  A frilled lizard (D:1)
  8 rats
74 creatures vanquished.

Notes
Turn   | Place    | Note
-------+----------+-------------------------------------------
     0 | D:1      | Rennog the Octopode Shapeshifter began the quest for the
                  | Orb.
     0 | D:1      | Reached XP level 1. HP: 13/13 MP: 1/1
   133 | D:1      | Reached XP level 2. HP: 12/18 MP: 2/2
   413 | D:1      | Found a faded altar of an unknown god.
   469 | D:1      | Reached XP level 3. HP: 22/23 MP: 3/3
  1034 | D:2      | Reached skill level 4 in Unarmed Combat
  1186 | D:2      | Reached XP level 4. HP: 26/29 MP: 4/4
  1775 | D:3      | Noticed Terence
  1789 | D:3      | Killed Terence
  2123 | D:3      | Reached XP level 5. HP: 9/35 MP: 5/5
  2278 | D:3      | Noticed Jessica
  2284 | D:3      | Killed Jessica
  2298 | D:3      | Found a hazy altar of Hepliaklqana.
  2318 | D:3      | Noticed Sigmund
  2423 | D:4      | Found a snail-covered altar of Cheibriados.
  2553 | D:4      | Found a white marble altar of Elyvilon.
  2620 | D:4      | Reached skill level 5 in Unarmed Combat
  2620 | D:4      | Reached XP level 6. HP: 31/41 MP: 6/6
  2701 | D:4      | Found a basalt altar of Yredelemnul.
  2811 | D:4      | Found a runed translucent gate.
  2811 | D:4      | Noticed IdlyInterested's ghost (amateur DsFi)
  2812 | D:4      | Found a runed translucent gate.
  2812 | D:4      | Found a runed translucent gate.
  2814 | D:4      | Identified the +6 spear of the Quiescent God {distort,
                  | ^Drain rN+ Int+2 Dex+5}
  2852 | D:4      | HP: 1/42 [gnoll/+0 spear (6)]
  2863 | D:3      | HP: 2/42 [poisoned by an adder]
  2866 | D:3      | Succumbed to an adder's poison

Illustrated notes

Levels and vault maps discovered:
D:1:      spicycebolla_arrival_xxxplode, layout_rooms, serial_forest,
          infiniplex_forest_end_1, infiniplex_forest_lined_corner,
          infiniplex_forest_lined_4_way, infiniplex_forest_clump_C,
          infiniplex_forest_clump_double,
          shapermc_ecumenical_altar_totnotflames,
          nicolae_concentric_dashed_squares_mild
D:2:      layout_loops_corners, kennysheep_crisscross, nicolae_underground_beach
D:3:      kennysheep_slugbush, layout_basic, demons_altar,
          nicolae_hepliaklqana_hazy_memory, uniq_terence, uniq_jessica,
          uniq_sigmund
D:4:      layout_rooms, kennysheep_ying_yang, kennysheep_mini_moat,
          slow_altar_1, biasface_ghost_orc_armoury

Skill      XL: |  1  2  3  4  5  6 |
---------------+-------------------+-----
Fighting       | 2 3 |  3.0
Unarmed Combat | 4 5 |  5.2
Shapeshifting  | 4 |  4.0
Dodging        | |  2.0

Action                     |  1- 3 |  4- 6 || total
---------------------------+-------+-------++-------
  Melee: Unarmed           |    51 |       ||    51
         Tentacles         |    12 |    20 ||    32
         Constrict         |    17 |    20 ||    37
         Punch             |     4 |     6 ||    10
         Short sword       |    19 |    92 ||   111
    Use: Potion            |       |     6 ||     6
         Scroll            |       |     2 ||     2
   Stab: Sleeping          |     5 |     2 ||     7
 Armour: Skin              |    21 |    78 ||    99
  Dodge: Dodged            |    35 |    70 ||   105

Table legend: (Time is in decaauts)
 A = Elapsed time spent in this place.
 B = Non-inter-level travel time spent in this place.
 C = Inter-level travel time spent in this place.
 D = Time resting spent in this place.
 E = Time spent auto-exploring this place.
 F = Levels seen in this place.
 G = Mean time per level.
                   A        B        C        D        E       F      G
               +--------+--------+--------+--------+--------+-----+--------+
         Total |   2862 |   2750 |    112 |    186 |   2018 |   4 |  715.5 |
       Dungeon |   2862 |   2750 |    112 |    186 |   2018 |   4 |  715.5 |
               +--------+--------+--------+--------+--------+-----+--------+

Top non-repeatable levels by time:
     D:2: 930 daAuts
     D:1: 820 daAuts
     D:3: 619 daAuts
     D:4: 492 daAuts
